[ AOE2 MATCH · #504724305 ]
UnrankedMongols vs Mongols
Player's team · WIN
Rival team · LOSS
[ REPLAY ANALYSIS · EXTRACTED FROM THE RECORDED GAME ]
Feudal
—
Castle
—
Imperial
—
| APM avg | 55.2 |
| APM peak | 103 |
| eAPM avg | 29.5 |
| Villagers / military | 70 / 8 |
Focus
⚔️ 57.7% · 🌾 42.3%
Militia ×8
Feudal
—
Castle
—
Imperial
—
| APM avg | 48.5 |
| APM peak | 85 |
| eAPM avg | 19.2 |
| Villagers / military | 35 / 0 |
Focus
⚔️ 23.7% · 🌾 76.3%
Match map
Initial resources + every placement click. Lines = walls · curves = elevation contours. ◆ gold · ⬟ stone · ● berries · ✦ relic · ◌ wall gap
Your base· Open — unwalled flank
Guthrie_Govan's base· Open — unwalled flank
Smoothed initial terrain · ◌ = detected wall gap · hover for details
Inputs per minute
— HaraKiri_aoe - - Guthrie_Govan
Build order — HaraKiri_aoe
120 actions detected in the replay
| 0:01 | Create | Villager (Male) |
| 0:01 | Create | Villager (Male) |
| 0:02 | Build | House |
| 0:03 | Create | Villager (Male) |
| 0:04 | Build | House |
| 0:05 | Create | Villager (Male) |
| 1:16 | Create | Villager (Male) |
| 1:59 | Build | Lumber Camp |
| 2:05 | Create | Villager (Male) |
| 2:06 | Create | Villager (Male) |
| 2:34 | Create | Villager (Male) |
| 3:10 | Create | Villager (Male) |
| 3:29 | Create | Villager (Male) |
| 3:33 | Build | House |
| 3:54 | Create | Villager (Male) |
| 3:54 | Create | Villager (Male) |
| 4:26 | Create | Villager (Male) |
| 4:31 | Create | Villager (Male) |
| 4:36 | Create | Villager (Male) |
| 4:44 | Create | Villager (Male) |
| 4:44 | Create | Villager (Male) |
| 5:23 | Create | Villager (Male) |
| 5:50 | Research | Loom |
| 5:50 | Research | Loom |
| 6:03 | Build | Mill |
| 6:03 | Create | Villager (Male) |
| 6:36 | Research | Feudal Age |
| 6:44 | Create | Villager (Male) |
| 6:44 | Create | Villager (Male) |
| 6:46 | Create | Villager (Male) |
| 6:46 | Create | Villager (Male) |
| 6:48 | Create | Villager (Male) |
| 6:49 | Create | Villager (Male) |
| 6:59 | Create | Villager (Male) |
| 6:59 | Create | Villager (Male) |
| 6:59 | Create | Villager (Male) |
| 7:07 | Create | Villager (Male) |
| 7:07 | Create | Villager (Male) |
| 7:17 | Build | House |
| 7:30 | Create | Villager (Male) |
| 7:31 | Create | Villager (Male) |
| 7:31 | Create | Villager (Male) |
| 7:44 | Create | Villager (Male) |
| 7:44 | Create | Villager (Male) |
| 7:54 | Build | House |
| 7:56 | Build | Palisade Wall |
| 7:56 | Build | Palisade Wall |
| 8:01 | Build | House |
| 8:13 | Create | Villager (Male) |
| 8:34 | Build | House |
| 8:39 | Create | Villager (Male) |
| 8:48 | Create | Villager (Male) |
| 9:06 | Create | Villager (Male) |
| 9:16 | Create | Villager (Male) |
| 9:18 | Create | Villager (Male) |
| 10:00 | Create | Villager (Male) |
| 10:00 | Create | Villager (Male) |
| 10:11 | Create | Villager (Male) |
| 11:00 | Create | Villager (Male) |
| 11:14 | Create | Villager (Male) |
| 11:23 | Create | Villager (Male) |
| 11:33 | Create | Villager (Male) |
| 12:08 | Create | Villager (Male) |
| 12:23 | Build | Barracks |
| 12:25 | Create | Villager (Male) |
| 13:15 | Build | Mining Camp |
| 13:38 | Create | Militia |
| 13:38 | Create | Militia |
| 13:46 | Build | Farm |
| 13:47 | Build | Farm |
| 14:01 | Create | Militia |
| 14:21 | Create | Villager (Male) |
| 14:40 | Build | Farm |
| 14:50 | Build | Mill |
| 14:51 | Build | Farm |
| 14:51 | Build | Farm |
| 14:51 | Build | Farm |
| 14:52 | Build | Farm |
| 14:55 | Create | Villager (Male) |
| 15:11 | Build | Farm |
| 15:19 | Create | Villager (Male) |
| 15:31 | Build | House |
| 15:41 | Build | Farm |
| 15:53 | Create | Villager (Male) |
| 15:54 | Create | Villager (Male) |
| 16:05 | Build | Farm |
| 16:14 | Create | Villager (Male) |
| 16:34 | Build | Farm |
| 16:35 | Create | Villager (Male) |
| 16:50 | Build | Farm |
| 16:59 | Create | Villager (Male) |
| 17:22 | Create | Villager (Male) |
| 17:42 | Create | Villager (Male) |
| 17:45 | Create | Militia |
| 17:59 | Create | Villager (Male) |
| 18:07 | Build | Farm |
| 18:17 | Create | Militia |
| 18:17 | Create | Militia |
| 18:25 | Build | House |
| 18:44 | Create | Villager (Male) |
| 18:45 | Create | Militia |
| 18:53 | Build | House |
| 18:54 | Build | House |
| 19:25 | Create | Villager (Male) |
| 19:30 | Build | Farm |
| 19:32 | Build | Farm |
| 19:42 | Create | Villager (Male) |
| 19:44 | Create | Militia |
| 19:47 | Build | Farm |
| 19:51 | Build | Farm |
| 19:58 | Create | Villager (Male) |
| 20:05 | Create | Villager (Male) |
| 20:14 | Create | Villager (Male) |
| 20:16 | Build | Farm |
| 20:24 | Create | Villager (Male) |
| 20:37 | Build | Lumber Camp |
| 20:49 | Build | Lumber Camp |
| 20:54 | Create | Villager (Male) |
| 21:07 | Create | Villager (Male) |
| 21:36 | Research | Feudal Age |
Build order — Guthrie_Govan
60 actions detected in the replay
| 0:00 | Create | Villager (Male) |
| 0:00 | Create | Villager (Male) |
| 0:00 | Create | Villager (Male) |
| 0:01 | Create | Villager (Male) |
| 0:02 | Build | House |
| 0:03 | Build | House |
| 1:27 | Create | Villager (Male) |
| 1:43 | Build | Lumber Camp |
| 1:46 | Create | Villager (Male) |
| 2:16 | Create | Villager (Male) |
| 2:36 | Create | Villager (Male) |
| 2:42 | Create | Villager (Male) |
| 2:42 | Create | Villager (Male) |
| 3:02 | Build | House |
| 3:03 | Build | House |
| 3:20 | Create | Villager (Male) |
| 3:20 | Create | Villager (Male) |
| 4:06 | Build | House |
| 4:20 | Create | Villager (Male) |
| 4:20 | Create | Villager (Male) |
| 5:03 | Build | Mill |
| 5:05 | Research | Loom |
| 5:06 | Create | Villager (Male) |
| 6:34 | Build | Town Center |
| 6:37 | Build | Palisade Wall |
| 6:41 | Build | Palisade Wall |
| 7:28 | Create | Villager (Male) |
| 7:29 | Create | Villager (Male) |
| 7:47 | Create | Villager (Male) |
| 7:47 | Create | Villager (Male) |
| 7:47 | Create | Villager (Male) |
| 8:57 | Create | Villager (Male) |
| 8:57 | Create | Villager (Male) |
| 10:20 | Create | Villager (Male) |
| 12:03 | Create | Villager (Male) |
| 12:04 | Create | Villager (Male) |
| 12:08 | Build | House |
| 13:33 | Create | Villager (Male) |
| 13:33 | Create | Villager (Male) |
| 14:37 | Create | Villager (Male) |
| 14:37 | Create | Villager (Male) |
| 15:56 | Create | Villager (Male) |
| 17:34 | Build | Palisade Wall |
| 17:36 | Build | Palisade Wall |
| 17:40 | Build | Palisade Wall |
| 17:43 | Build | Palisade Wall |
| 17:46 | Build | Palisade Wall |
| 17:48 | Build | Palisade Wall |
| 17:54 | Build | Palisade Wall |
| 17:55 | Build | Palisade Wall |
| 18:00 | Create | Villager (Male) |
| 18:47 | Create | Villager (Male) |
| 18:47 | Create | Villager (Male) |
| 20:41 | Create | Villager (Male) |
| 20:41 | Create | Villager (Male) |
| 21:15 | Build | House |
| 21:17 | Build | Palisade Wall |
| 21:46 | Build | Palisade Wall |
| 21:53 | Build | Palisade Wall |
| 21:54 | Build | Palisade Wall |
Match timeline
| 6:37 | Guthrie_Govan · wall_segment Palisade Wall x1 |
| 6:41 | Guthrie_Govan · wall_segment Palisade Wall x1 |
| 7:56 | HaraKiri_aoe · wall_segment Palisade Wall x4 |
| 7:56 | HaraKiri_aoe · wall_segment Palisade Wall x1 |
| 12:23 | HaraKiri_aoe · first_building Barracks |
| 17:34 | Guthrie_Govan · wall_segment Palisade Wall x1 |
| 17:36 | Guthrie_Govan · wall_segment Palisade Wall x1 |
| 17:40 | Guthrie_Govan · wall_segment Palisade Wall x1 |
| 17:43 | Guthrie_Govan · wall_segment Palisade Wall x1 |
| 17:46 | Guthrie_Govan · wall_segment Palisade Wall x1 |
| 17:48 | Guthrie_Govan · wall_segment Palisade Wall x1 |
| 17:54 | Guthrie_Govan · wall_segment Palisade Wall x1 |
| 17:55 | Guthrie_Govan · wall_segment Palisade Wall x1 |
| 21:17 | Guthrie_Govan · wall_segment Palisade Wall x1 |
| 21:46 | Guthrie_Govan · wall_segment Palisade Wall x1 |
| 21:53 | Guthrie_Govan · wall_segment Palisade Wall x1 |
| 21:54 | Guthrie_Govan · wall_segment Palisade Wall x1 |
| 22:06 | Guthrie_Govan · resign |
[ AI ANALYSIS · 1 CREDIT ]
What really happened in this match?
Wolo.gg analyzes every decision: build order, eco, micro, common mistakes by bracket. Personalized analysis on WhatsApp or Discord in 30 seconds.
Civ guide
Mongols
Perfil
HaraKiri_aoe